 Dungeon Crawl Stone Soup version 0.28-a0-1227-ga9037bb4c8 (webtiles) character file.

Game seed: 17425982859552650605

301 ChaosChampion the Insei (level 6, 0/57 HPs)
             Began as an Octopode Transmuter on Dec 22, 2021.
             Succumbed to a water moccasin's poison
             ... in a sewer.
             The game lasted 00:04:42 (4849 turns).

ChaosChampion the Insei (Octopode Transmuter)       Turns: 4849, Time: 00:04:42

Health: 0/57       AC:  1    Str:  9    XL:     6   Next: 37%
Magic:  0/9        EV: 13    Int: 17    God:
Gold:   63         SH:  0    Dex: 13    Spells: 3/9 levels left

rFire   . . .      SeeInvis .     - Unarmed
rCold   . . .      Faith    .   (no shield)
rNeg    . . .      Spirit   .   (helmet restricted)
rPois   .          Reflect  .   (no amulet)
rElec   .          Harm     .   (no ring)
rCorr   .          Rampage  .   (no ring)
Will    .....                   (no ring)
Stlth   ..........              (no ring)
HPRegen 0.19/turn               (no ring)
MPRegen 0.11/turn               (no ring)
                                (no ring)
                                (no ring)

@: mighty, berserking, lethally poisoned (0 -> -17), very slightly contaminated,
very quick
A: almost no armour, amphibious, 8 rings, camouflage 1, gelatinous body 1,
(nimble swimmer 1), tentacles
a: no special abilities


You were in a sewer.
You visited 1 branch of the dungeon, and saw 4 of its levels.
You also visited: Sewer.

You collected 63 gold pieces.

Inventory:

Missiles
 h - 13 poisoned darts (quivered)
Wands
 j - a wand of polymorph (7)
Scrolls
 b - 2 scrolls of amnesia {unknown}
 d - a scroll of torment {unknown}
 i - a scroll of enchant weapon {unknown}
Potions
 a - a potion of cancellation
 c - a potion of curing {unknown}
 g - 2 potions of attraction


   Skills:
 + Level 1.2 Fighting
 + Level 2.0 Dodging
 * Level 5.9 Unarmed Combat
 - Level 2.0 Spellcasting
 - Level 3.9 Transmutations


You had 3 spell levels left.
You knew the following spells:

 Your Spells              Type           Power      Damage    Failure   Level
a - Beastly Appendage     Tmut           30%        N/A       3%          1
b - Wereblood             Tmut           15%        N/A       6%          2
c - Spider Form           Tmut/Pois      8%         N/A       26%         3

Your spell library contained the following spells:

 Spells                   Type           Power      Damage    Failure   Level
 Shock                    Conj/Air       4%         1d3       19%         1
 Static Discharge         Conj/Air       1%         N/A       28%         2
 Swiftness                Air            1%         N/A       50%         3
 Ice Form                 Ice/Tmut       8%         N/A       65%         4
 Airstrike                Air            0%         N/A       88%         4
 Dispel Undead            Necr           1%         3d6       88%         4
 Sticky Flame             Conj/Fire      1%         2d3       88%         4


Dungeon Overview and Level Annotations

Branches:
Dungeon (4/15)              Sewer (1/1)
 Temple: D:4-7

Altars:

Shops:
D:3 =


Innate Abilities, Weirdness & Mutations

You cannot wear most types of armour.
You are amphibious.
You can wear up to eight rings at the same time.
Your skin changes colour to match your surroundings (Stealth+).
Your rubbery body absorbs attacks. (AC +1, EV +1)
((You are camouflaged when in or above water. (Stealth+)))
You have tentacles for arms and can constrict up to eight enemies at once.


Message History

The water moccasin poisons you!
Casting: Spider Form (quite dangerous; 26% risk of failure)
Confirm with . or Enter, or press ? or * to list all spells.
The spell is quite dangerous to miscast (26% risk of failure)!
Continue anyway?
You miscast Spider Form.
Nothing appears to happen.
You feel very sick. The water moccasin misses you.
You feel very mighty all of a sudden.
You feel very sick.
The water moccasin completely misses you.
The water moccasin barely misses you.
You barely miss the water moccasin. You grab the water moccasin.
You constrict the water moccasin, but do no damage.
You feel sick. The water moccasin bites you!
You are lethally poisoned!
The water moccasin poisons you!
You bludgeon the water moccasin!
The water moccasin is heavily wounded.
You constrict the water moccasin.
You feel very sick. The water moccasin bites you.
* * * LOW HITPOINT WARNING * * *
You are more poisoned.
The water moccasin poisons you!
A red film seems to cover your vision as you go berserk!
You feel yourself moving faster!
You feel mighty!
You constrict the water moccasin, but do no damage.
* * * LOW HITPOINT WARNING * * *
You feel very sick. The water moccasin bites you.
* * * LOW HITPOINT WARNING * * *
The water moccasin closely misses you.
You tentacle-slap the water moccasin.
The water moccasin is severely wounded.
You constrict the water moccasin.
* * * LOW HITPOINT WARNING * * *
You feel very sick.
You bludgeon the water moccasin!
You kill the water moccasin!
You die...

..(.. .(. ... ...
#.# ####### #.#
##.....## #†#
##...≈...#
#@#######...≈≈≈†..
#..........≈≈≈≈≈.∩
#.#######...†≈≈...
#.# ##...≈...# #.#
##.....## #.#
####### #.# #.#
#.#


There were no monsters in sight!

Vanquished Creatures
  A water moccasin (Sewer)
  An iguana (D:2)
  Natasha (thrice) (D:2)
  7 gnolls
  6 adders
  A river rat (D:4)
  2 dart slugs
  6 ball pythons
  3 endoplasms (D:1)
  4 giant cockroaches
  7 goblins
  4 hobgoblins
  5 jackals
  3 quokkas
  7 bats
  3 frilled lizards
  5 kobolds
  8 rats
76 creatures vanquished.

Notes
Turn   | Place    | Note
-------+----------+-------------------------------------------
     0 | D:1      | ChaosChampion the Octopode Transmuter began the quest for
                  | the Orb.
     0 | D:1      | Reached XP level 1. HP: 13/13 MP: 3/3
    84 | D:1      | Found a faded altar of an unknown god.
   407 | D:1      | Reached XP level 2. HP: 18/18 MP: 5/5
   414 | D:1      | Learned a level 2 spell: Wereblood
  1260 | D:2      | Reached XP level 3. HP: 15/23 MP: 6/6
  1272 | D:2      | Reached skill level 4 in Unarmed Combat
  1278 | D:2      | HP: 1/23 [hobgoblin (3)]
  1284 | D:2      | Reached XP level 4. HP: 7/28 MP: 4/7
  1686 | D:2      | Noticed Natasha
  1694 | D:2      | Learned a level 3 spell: Spider Form
  1704 | D:2      | Killed Natasha
  1939 | D:2      | Noticed Natasha
  1947 | D:2      | Killed Natasha
  1948 | D:2      | Reached XP level 5. HP: 13/33 MP: 8/8
  2074 | D:2      | Noticed Natasha
  2089 | D:2      | Killed Natasha
  2090 | D:2      | Reached skill level 5 in Unarmed Combat
  3933 | D:3      | Reached XP level 6. HP: 15/38 MP: 4/9
  4558 | D:3      | Found Leles's Jewellery Shoppe.
  4771 | D:4      | Found a glowing drain.
  4779 | Sewer    | Entered a sewer
  4837 | Sewer    | Noticed a water moccasin
  4849 | Sewer    | Killed a water moccasin
  4849 | Sewer    | Succumbed to a water moccasin's poison

Illustrated notes

Levels and vault maps discovered:
D:1:      heliophobic_arrival_ceremonial_halls, layout_loops_cross,
          chequers_ecumenical_altar_island, roderic_lattice_a
D:2:      layout_loops_cross, due_unseen_surprise, uniq_natasha
D:3:      layout_rooms, serial_shops, nicolae_shop_statue_plus
D:4:      cheibrodos_thug_alley, layout_loops_ring,
          mainiacjoe_overflow_alcove_1, kennysheep_little_box,
          portal_sewer_entry_e
Sewer:    sewer_big_baddie

Skill      XL: |  1  2  3  4  5 |
---------------+----------------+-----
Unarmed Combat | 4 5 |  5.9
Transmutations | 3 |  3.9
Fighting       | |  1.2
Dodging        | |  2.0
Spellcasting   | |  2.0

Action                   |  1- 3 |  4- 6 || total
-------------------------+-------+-------++-------
Melee: Unarmed           |    58 |   108 ||   166
       Constrict         |    17 |    12 ||    29
       Tentacles         |    10 |     3 ||    13
       Kick              |     4 |     3 ||     7
       Punch             |       |     1 ||     1
Throw: Dart              |       |     3 ||     3
 Cast: Wereblood         |     1 |    11 ||    12
       Beastly Appendage |     1 |     4 ||     5
       Spider Form       |       |    12 ||    12
  Use: Potion            |       |     3 ||     3
       Scroll            |       |     6 ||     6
 Stab: Sleeping          |     8 |     6 ||    14
Armor: Skin              |     4 |     8 ||    12
Dodge: Dodged            |    32 |    94 ||   126

Table legend: (Time is in decaauts)
 A = Elapsed time spent in this place.
 B = Non-inter-level travel time spent in this place.
 C = Inter-level travel time spent in this place.
 D = Time resting spent in this place.
 E = Time spent auto-exploring this place.
 F = Levels seen in this place.
 G = Mean time per level.
                   A        B        C        D        E       F      G
               +--------+--------+--------+--------+--------+-----+--------+
         Total |   4836 |   4797 |     39 |    851 |   3397 |   5 |  967.2 |
       Dungeon |   4768 |   4729 |     39 |    851 |   3352 |   4 | 1192.0 |
         Sewer |     68 |     68 |      0 |      0 |     45 |   1 |   68.0 |
               +--------+--------+--------+--------+--------+-----+--------+

Top non-repeatable levels by time:
     D:2: 2922 daAuts
     D:1: 1173 daAuts
     D:3: 601 daAuts
     D:4: 71 daAuts
   Sewer: 68 daAuts
